 Dungeon Crawl Stone Soup version 0.28-a0-511-gcc94558de3 (webtiles) character file.

Game seed: 16208189590531867139

50 omnomnOMINOUS the Magician (level 3, 0/24 HPs)
             Began as an Octopode Wanderer on Sept 21, 2021.
             Was a Follower of the Shining One.
             Slain by a gnoll (5 damage)
             ... on level 2 of the Dungeon.
             The game lasted 00:03:43 (1453 turns).

omnomnOMINOUS the Magician (Octopode Wanderer)      Turns: 1453, Time: 00:03:44

Health: 0/24       AC:  1    Str:  9    XL:     3   Next: 79%
Magic:  7/7        EV: 13    Int: 16    God:    the Shining One [*.....]
Gold:   36         SH:  0    Dex: 12    Spells: 7/8 levels left

rFire   . . .      SeeInvis .   a - +2 mace
rCold   . . .      Faith    .   (no shield)
rNeg    . . .      Spirit   .   (helmet restricted)
rPois   .          Reflect  .   (no amulet)
rElec   .          Harm     .   (no ring)
rCorr   .          Rampage  .   (no ring)
Will    .....                   (no ring)
Stlth   +.........              (no ring)
HPRegen 0.08/turn               (no ring)
MPRegen 0.10/turn               (no ring)
                                (no ring)
                                (no ring)

@: glowing
A: almost no armour, amphibious, 8 rings, camouflage 1, gelatinous body 1,
(nimble swimmer 1), tentacles
a: Renounce Religion


You were on level 2 of the Dungeon.
You worshipped the Shining One.
The Shining One was aware of your devotion.
You visited 1 branch of the dungeon, and saw 2 of its levels.

You collected 36 gold pieces.

Inventory:

Hand Weapons
 a - a +2 mace (weapon)
Magical Staves
 f - a staff of death
Jewellery
 e - a ring of positive energy
Scrolls
 c - a scroll of identify {unknown}
Potions
 b - a potion of curing
 d - a potion of flight {unknown}


   Skills:
 + Level 2.0 Fighting
 - Level 2.0 Maces & Flails
 - Level 1.0 Throwing
 + Level 2.0 Dodging
 - Level 1.3 Stealth
 + Level 3.4 Spellcasting
 - Level 2.0 Earth Magic


You had 7 spell levels left.
You knew the following spells:

 Your Spells              Type           Power      Damage    Failure   Level
a - Summon Small Mammal   Summ           8%         N/A       19%         1

Your spell library contained the following spells:

 Spells                   Type           Power      Damage    Failure   Level
 Animate Skeleton         Necr           4%         N/A       19%         1
 Pain                     Necr           8%         1d4       19%         1
 Call Canine Familiar     Summ           2%         N/A       47%         3
 Vampiric Draining        Necr           1%         2d6       47%         3


Dungeon Overview and Level Annotations

Branches:
Dungeon (2/15)

Altars:
Xom
The Shining One

Shops:
D:1 :


Innate Abilities, Weirdness & Mutations

You cannot wear most types of armour.
You are amphibious.
You can wear up to eight rings at the same time.
Your skin changes colour to match your surroundings (Stealth+).
Your rubbery body absorbs attacks. (AC +1, EV +1)
((You are camouflaged near water. (Stealth+)))
You have tentacles for arms and can constrict up to eight enemies at once.


Message History

* * * LOW HITPOINT WARNING * * *
You hit the gnoll.
The gnoll is moderately wounded.
You constrict the gnoll. The gnoll misses you.
You sock the gnoll!
You squeeze the gnoll, but do no damage.
The gnoll is almost dead.
You constrict the gnoll.
You kill the gnoll!
Your Fighting skill increases to level 2!
Your Dodging skill increases to level 2!
You start resting.
A worm is nearby!
You start resting.
A worm is nearby!
You open the door.
There is an open door here.
You close the door.
You start resting.
A gnoll is nearby!
You open the door.
There is an open door here.
You close the door.
Something unseen opens the door.
The gnoll shouts!
The gnoll hits you but does no damage.
You barely miss the gnoll. Your grab misses the gnoll.
The gnoll barely misses you.
You hit the gnoll. Your grab misses the gnoll.
The gnoll is heavily wounded.
The gnoll hits you with a +0 spear.
You hit the gnoll. Your grab misses the gnoll.
The gnoll is heavily wounded.
The gnoll barely misses you. The gnoll hits you with a +0 club.
You hit the gnoll but do no damage. Your grab misses the gnoll.
The gnoll is heavily wounded.
The gnoll hits you with a +0 spear.
* * * LOW HITPOINT WARNING * * *
The gnoll hits you with a +0 club.
You die...

######w##############
.....................#
######...##..#######g#
#.....#..##### #w#
##...##......# #.#
##.####.###.# #.# #.# #.#
#.# #.# #.# #.###.###.#
##g## #..g@.....#
##...#######g##### #
##....g## ###.#.#### #
##.......###........#
####.........##.#......#
...+.........'g........##
####.........##.........#
# ##.......###........##
##....^## #........#


You could see 2 gnolls.

Vanquished Creatures
  A gnoll (D:2)
  3 dart slugs (D:1)
  2 bats
  2 endoplasms
  2 giant cockroaches (D:1)
  2 goblins (D:1)
  6 hobgoblins (D:1)
  2 jackals (D:1)
  4 kobolds
  A quokka (D:1)
  3 ball pythons
  3 rats
31 creatures vanquished.

Notes
Turn   | Place    | Note
-------+----------+-------------------------------------------
     0 | D:1      | omnomnOMINOUS the Octopode Wanderer began the quest for the
                  | Orb.
     0 | D:1      | omnomnOMINOUS set off with the following items: a +2 mace,
                  | a potion of curing; and the following spell memorised:
                  | Summon Small Mammal; and the following spells available to
                  | memorise: Call Canine Familiar
     0 | D:1      | Reached XP level 1. HP: 13/13 MP: 4/4
    64 | D:1      | Reached skill level 1 in Dodging
   195 | D:1      | Reached XP level 2. HP: 17/18 MP: 6/6
   395 | D:1      | Found Bualod's Book Boutique.
   564 | D:1      | Found a faded altar of an unknown god.
   607 | D:1      | Became a worshipper of the Shining One
   607 | D:1      | Reached * piety under the Shining One
   692 | D:1      | Reached XP level 3. HP: 21/23 MP: 7/7
  1031 | D:2      | Found a shimmering altar of Xom.
  1453 | D:2      | Slain by a gnoll

Illustrated notes

Levels and vault maps discovered:
D:1:      psy_arrival_terrarium, layout_basic, serial_shops,
          nicolae_diamond_shop, shapermc_ecumenical_altar_totnotflames
D:2:      layout_loops_corners, basic_altar, minmay_split_cup_small

Skill      XL: |  1  2  3 |
---------------+----------+-----
Dodging        | 1 2 |  2.0
Fighting       | 2 |  2.0
Maces & Flails | |  2.0
Throwing       | |  1.0
Stealth        | |  1.3
Spellcasting   | |  3.4
Earth Magic    | |  2.0

Action                   || total
-------------------------++-------
Melee: Mace              ||    53
       Constrict         ||    15
       Tentacles         ||     9
 Stab: Sleeping          ||     2
Armor: Skin              ||     3
Dodge: Dodged            ||    37

Table legend: (Time is in decaauts)
 A = Elapsed time spent in this place.
 B = Non-inter-level travel time spent in this place.
 C = Inter-level travel time spent in this place.
 D = Time resting spent in this place.
 E = Time spent auto-exploring this place.
 F = Levels seen in this place.
 G = Mean time per level.
                   A        B        C        D        E       F      G
               +--------+--------+--------+--------+--------+-----+--------+
         Total |   1468 |   1452 |     16 |    215 |    971 |   2 |  734.0 |
       Dungeon |   1468 |   1452 |     16 |    215 |    971 |   2 |  734.0 |
               +--------+--------+--------+--------+--------+-----+--------+

Top non-repeatable levels by time:
     D:1: 1032 daAuts
     D:2: 435 daAuts
